 Dungeon Crawl Stone Soup version 0.22.1-5-g62c59d9 (webtiles) character file.

14 Monsterface the Sneak (level 2, 0/13 HPs)
             Began as a Vine Stalker Enchanter on Jan 8, 2019.
             Slain by a bat (1 damage)
             ... on level 1 of the Dungeon.
             The game lasted 00:03:27 (746 turns).

Monsterface the Sneak (Vine Stalker Enchanter)       Turns: 746, Time: 00:03:27

Health: 0/13       AC:  2    Str: 10    XL:     2   Next: 41%
Magic:  0/6        EV: 12    Int: 15    God:
Gold:   25         SH:  0    Dex: 14    Spells: 2/5 levels left

rFire    . . .     SeeInvis .   h - -1 dagger (curse)
rCold    . . .     Gourm    .   (no shield)
rNeg     . . .     Faith    .   b - +0 robe
rPois    .         Spirit   +   (no helmet)
rElec    .         Reflect  .   (no cloak)
rCorr    .         Harm     .   (no gloves)
MR       .....                  (no boots)
Stlth    +++.......             (no amulet)
HPRegen  0.04/turn              (no ring)
MPRegen  0.10/turn              (no ring)

@: very slightly contaminated
A: fangs 2, magic shield, antimagic bite, no potion heal 3, rot immunity
a: no special abilities


You were on level 1 of the Dungeon.
You were not hungry.

You visited 1 branch of the dungeon, and saw 1 of its levels.

You collected 25 gold pieces.

Inventory:

Hand Weapons
 a - a +1 dagger
 c - a +0 short sword
 f - a +0 spear
 h - a cursed -1 dagger (weapon)
Armour
 b - a +0 robe (worn)
Comestibles
 d - a ration


   Skills:
 + Level 1.1 Short Blades
 + Level 1.7 Dodging
 + Level 3.9 Stealth
 + Level 2.4 Spellcasting
 + Level 3.1 Hexes


You had 2 spell levels left.
You knew the following spells:

 Your Spells              Type           Power        Failure   Level  Hunger
a - Corona                Hex            ##.....      6%          1    #......
b - Ensorcelled Hibernat  Hex/Ice        #.....       17%         2    ###....

Your spell library contained the following spells:

 Spells                   Type           Power        Failure   Level  Hunger
 Confuse                  Hex            ##......     17%         3    ###....
 Tukima's Dance           Hex            ##......     17%         3    ###....
 Dazzling Spray           Conj/Hex       #.....       32%         3    ###....


Dungeon Overview and Level Annotations

Branches:
Dungeon (1/15)

Altars:


Innate Abilities, Weirdness & Mutations

You have extremely sharp teeth.
When hurt, damage is shared between your health and your magic reserves.
Your bite disrupts and absorbs the magic of your enemies.
Potions cannot restore your health.
You are immune to rotting.


Message History

Casting: Corona (safe; 6% risk of failure)
Confirm with . or Enter, or press ? or * to list all spells.
Okay, then.
Casting: Corona (safe; 6% risk of failure)
Confirm with . or Enter, or press ? or * to list all spells.
Aiming: Ensorcelled Hibernation (safe; 17% risk of failure)
Press: ? - help, Shift-Dir - straight line, f - hobgoblin
Aim: a hobgoblin, wielding a club (moderately wounded, chance to defeat MR: The hobgoblin resists with significant effort.
The bat closely misses you. The hobgoblin hits you with a club.
* * * LOW HITPOINT WARNING * * *
You hit the hobgoblin but do no damage. Your bite misses the hobgoblin.
The hobgoblin is moderately wounded.
The bat hits you but does no damage.
The hobgoblin hits you but does no damage.
You aren't carrying any scrolls.
You closely miss the hobgoblin.
The hobgoblin is moderately wounded.
The bat hits you.
You die...

#..# ♣♣..♣♣
####.## ♣..♣.♣
.####.....#
♣♣...♣♣
....#.....#
♣♣>..♣ #.......#
♣...♣♣ ###.....#
♣.<..♣ #.....#
♣...♣♣ # #b...##
♣♣.♣>♣ #. #@...#
♣..♣♣ ##..
#>g..# ♣.. ...#.
###..# ..♣♣
......###...#
..♣
......)....##
... ......#....#
........#...#
####
.....#.##.#.....
#... .... #.
#.####.. #...


You could see a hobgoblin and a bat.

Vanquished Creatures
  A dart slug (D:1)
  2 bats (D:1)
  2 kobolds (D:1)
  2 frilled lizards (D:1)
  5 goblins (D:1)
  A rat (D:1)
13 creatures vanquished.

Notes
Turn   | Place    | Note
-------+----------+-------------------------------------------
     0 | D:1      | Monsterface the Vine Stalker Enchanter began the quest for
                  | the Orb.
     0 | D:1      | Reached XP level 1. HP: 9/9 MP: 4/4
    91 | D:1      | Reached XP level 2. HP: 9/13 MP: 6/6
   115 | D:1      | Reached skill level 1 in Short Blades
   734 | D:1      | Learned a level 2 spell: Ensorcelled Hibernation
   746 | D:1      | Slain by a bat

Skill      XL: |  1  2 |
---------------+-------+-----
Short Blades   | 1 |  1.1
Dodging        | |  1.7
Stealth        | |  3.9
Spellcasting   | |  2.4
Hexes          | |  3.1

Action                   || total
-------------------------++-------
Melee: Dagger            ||    48
       Bite              ||     6
 Cast: Corona            ||     5
       Ensorcelled Hiber ||     1
  Use: Scroll            ||     2
Armor: Robe              ||     9
Dodge: Dodged            ||    41
